 Dungeon Sprint DCSS version 0.17-a0-1701-gf693a3f (webtiles) character file.

234820 Kidiri the Minotaur Barricade (level 18, -1/200 HPs)
             Began as a Minotaur Fighter on Aug 21, 2015.
             Was the Champion of Okawaru.
             Killed by divine providence
             ... invoked by a daeva
              (13 damage)
             ... in the Dungeon (Sprint VII: "The Pits").
             The game lasted 01:15:21 (10165 turns).

Kidiri the Minotaur Barricade (Minotaur Fighter)   Turns: 10165, Time: 01:15:21

Health: -1/200     AC: 42    Str: 34    XL:     18   Next: 45%
Magic:  36/41      EV: 23    Int: 11    God:    Okawaru [******]
Gold:   236        SH: 29    Dex: 14    Spells: 0 memorised, 17 levels left

rFire  + + +     SeeInvis +     G - +4 broad axe (distort)
rCold  + + .     Clarity  .     b - +2 gold dragon armour
rNeg   + + +     SustAt   .     M - +0 large shield of Yjyad {Str+6 Dex+3}
rPois  +         Gourm    .     g - +2 hat {Int+3}
rElec  +         Spirit   .     H - +0 cloak "Gilemad" {Int+2 SInv}
rCorr  +         Warding  .     w - +1 pair of gloves
rMut   .         NoTele   +     J - +4 pair of boots of Mevaw {rF+ MP+9 SInv}
MR     +....                    X - amulet "Jygg" {rCorr rN+ Int+3}
Stlth  ..........               K - ring "Toupnagu" {rElec rPois rF+ EV+1}
                                F - ring of Fiod {rC+ rN+++ Slay+5}

@: heroism, finesse, glowing, somewhat resistant to hostile enchantments,
extremely unstealthy
A: retaliatory headbutt, hooves 1, horns 2, dopey 1
a: Heroism, Finesse, Renounce Religion
}: 2/15 runes: silver, iron


You were in the Dungeon.
You worshipped Okawaru.
Okawaru was exalted by your worship.
You were not hungry.

You visited 1 branch You collected 236 gold pieces.

Inventory:

Hand weapons
 G - a +4 broad axe of distortion (weapon)
Armour
 b - a +2 gold dragon armour (worn)
 g - a +2 hat of intelligence (worn)
 w - a +1 pair of gloves (worn)
 H - the +0 cloak "Gilemad" (worn) {Int+2 SInv}
   (Okawaru gifted it to you in the Dungeon)

   It affects your intelligence (+2).
   It lets you see invisible.
 J - the +4 pair of boots of Mevaw (worn) {rF+ MP+9 SInv}
   (Okawaru gifted it to you in the Dungeon)

   It protects you from fire.
   It affects your magic capacity (+9).
   It lets you see invisible.
 M - the +0 large shield of Yjyad (worn) {Str+6 Dex+3}
   (You took it off a necromancer in the Dungeon)

   It affects your strength (+6).
   It affects your dexterity (+3).
Jewellery
 a - the ring of Omeiduof {rElec rPois rF+ MR-}
   (You took it off an orc warlord in the Dungeon)

   [ring of protection from fire]

   It protects you from fire.
   It insulates you from electricity.
   It protects you from poison.
   It affects your resistance to hostile enchantments.
 F - the ring of Fiod (left hand) {rC+ rN+++ Slay+5}
   (You found it in the Dungeon)

   [ring of slaying]

   It affects your accuracy and damage with ranged weapons and melee attacks
   (+5).
   It protects you from cold.
   It renders you almost immune to negative energy.
 K - the ring "Toupnagu" (right hand) {rElec rPois rF+ EV+1}
   (You took it off a vampire in the Dungeon)

   [ring of evasion]

   It affects your evasion (+1).
   It protects you from fire.
   It insulates you from electricity.
   It protects you from poison.
 X - the amulet "Jygg" (around neck) {rCorr rN+ Int+3}
   (You found it in the Dungeon)

   [amulet of resist corrosion]

   It protects you from acid and corrosion.
   It affects your intelligence (+3).
   It protects you from negative energy.
Magical devices
 c - a wand of frost (17)
 s - a wand of hasting (3)
 u - a wand of heal wounds (6)
 y - a wand of random effects (27)
Scrolls
 k - 3 scrolls of blinking
 p - 6 scrolls of remove curse
 q - 5 scrolls of amnesia
 r - a scroll of summoning
 v - a scroll of silence
 x - 6 scrolls of fog
 A - 3 scrolls of identify
 C - 2 scrolls of recharging
 D - a scroll of fear
Potions
 d - 7 potions of might
 f - 8 potions of curing
 i - 4 potions of magic
 j - 5 potions of berserk rage
 l - 3 potions of haste
 o - 2 potions of invisibility
 t - a potion of cure mutation
 z - a potion of brilliance
 B - 3 potions of agility
Comestibles
 e - 8 bread rations
 h - a beef jerky
 m - 40 fruits
 n - 8 meat rations
 I - 12 royal jellies


   Skills:
 O Level 27 Fighting
 O Level 27 Axes
 O Level 27 Armour
 O Level 27 Dodging
 O Level 27 Shields
 - Level 11.6 Invocations
 + Level 23.7 Evocations


You had 17 spell levels left.
You didn't know any spells.

Dungeon Overview and Level Annotations

Branches:
Dungeon (1/1)

Altars:
Ashenzari
Cheibriados
Dithmenos
Elyvilon
Fedhas
Gozag
Kikubaaqudgha
Makhleb
Nemelex Xobeh
Okawaru
Qazlal
Ru
Sif Muna
Trog
Vehumet
Xom
Yredelemnul
Zin
The Shining One
Beogh
Jiyva
Lugonu

Annotations:
D Geryon, Lernaean hydra, Margery, Murray, Xtahua


Innate Abilities, Weirdness & Mutations

You reflexively headbutt those who attack you in melee.
You have a pair of horns on your head.
You have large cloven feet.
You are dopey. (Int -2)


Message History

The daeva calls down the wrath of the Shining One upon you.
Something smites you!
* * * LOW HITPOINT WARNING * * *
The daeva calls down the wrath of the Shining One upon you.
Something smites you!
* * * LOW HITPOINT WARNING * * *
The daeva calls down the wrath of the Shining One upon you.
Something smites you!
* * * LOW HITPOINT WARNING * * *
The daeva calls down the wrath of the Shining One upon you.
Something smites you!
* * * LOW HITPOINT WARNING * * *
The daeva calls down the wrath of the Shining One upon you.
Something smites you!
* * * LOW HITPOINT WARNING * * *
An angel comes into view. It is wielding a whip of holy wrath.
Unknown command.
The daeva calls down the wrath of the Shining One upon you.
Something smites you!
You die... ***** #############******** ,,,,** #AAAAAAAAAAA:,,,,,,,* ,,,,,** #AAAAAAAAADAAA,,,,,,* ,,,,,,** #AAAA)AAAAAAA,,,,,,,* ,,,,,,,* #AAAAAAAAAAAA,,,,,,,*

,,,,,,,*#######A#################
,,,,,,,*#.......@...............#
,,,,,,,*#.......................#
,,,,,,,*#######################'#
,,,,,,,* ###### ### ### ### #'#
,,,,,,,* #.'#.###.###.###.#####.#
,,,,,,,*####...'...#...'.ยง.'.##'#
,,,,,,,*#.###.###.###.###.#####.#
,,,,,,**##'.#(#.##'.##'.###.###'#
,,,,,** #..)#...#...#...#...##.#


You could see 7 daevas, 7 angels and 4 cherubim.

Vanquished Creatures
  2 orbs of fire (D)
  An ancient lich (D)
  Mara (D)
  Boris (D)
  A pandemonium lord (D)
  Norris (D)
  A profane servitor (D)
  A Brimstone Fiend (D)
  A lich (D)
  2 electric golems (D)
  A tentacled monstrosity (D)
  2 Hell Sentinels (D)
  An Ice Fiend (D)
  2 deep elf blademasters (D)
  2 quicksilver dragons (D)
  2 deep elf master archers (D)
  2 Executioners (D)
  A Shadow Fiend (D)
  2 sphinxes (D)
  A shadow dragon (D)
  Frances (D)
  A storm dragon (D)
  3 greater nagas (D)
  2 deep elf sorcerers (D)
  An azure jelly (D)
  2 frost giants (D)
  2 draconian scorchers (D)
  2 fire giants (D)
  2 cacodemons (D)
  2 balrugs (D)
  2 reapers (D)
  2 spriggan defenders (D)
  A vampire knight (D)
  2 orc warlords (D)
  An ophan (D)
  An apis (D)
  A draconian caller (D)
  A green draconian (D)
  A black draconian (D)
  3 deep elf demonologists (D)
  2 white draconians (D)
  A yellow draconian (D)
  A dire elephant (D)
  A deep elf annihilator (D)
  3 deep elf death magi (D)
  2 blizzard demons (D)
  An eidolon (D)
  11 vault guards (D)
  2 mummy priests (D)
  A fire dragon (D)
  2 death oozes (D)
  2 deep elf high priests (D)
  A naga warrior (D)
  A spriggan air mage (D)
  Erolcha (D)
  A rakshasa (D)
  A catoblepas (D)
  An ice dragon (D)
  A hell beast (D)
  A death knight (D)
  An iron elemental (D)
  An alligator snapping turtle (D)
  A vampire mage (D)
  2 spriggan berserkers (D)
  Sonja (D)
  16 hell knights (D)
  5 skeletal warriors (D)
  6 wizards (D)
  2 fire crabs (D)
  A sea snake (D)
  A flayed ghost (D)
  2 shadow wraiths (D)
  A soul eater (D)
  2 lindwurms (D)
  2 swamp dragons (D)
  A deep elf summoner (D)
  4 deep elf knights (D)
  2 cherubim (D)
  An orc sorcerer (D)
  4 phantasmal warriors (D)
  15 necromancers (D)
  8 orc knights (D)
  A hill giant (D)
  2 sixfirhies (D)
  2 cyclopes (D)
  A moth of wrath (D)
  A water nymph (shapeshifter) (D)
  Maurice (D)
  A guardian serpent (shapeshifter) (D)
  4 elephants (D)
  A rust devil (D)
  3 yaktaurs (D)
  A spiny frog (D)
  A komodo dragon (D)
  A fire drake (D)
  A guardian mummy (D)
  3 trolls (D)
  2 demonic crawlers (D)
  2 wandering mushrooms (D)
  A tormentor (D)
  A freezing wraith (D)
  A red devil (D)
  A wind drake (D)
  2 two-headed ogres (D)
  A tarantella (D)
  2 air elementals (D)
  A shadow (D)
  2 ynoxinuls (D)
  A water elemental (D)
  A wyvern (D)
  2 spriggans (D)
  2 vampires (D)
  Eustachio (D)
  A basilisk (D)
  2 golden eyes (D)
  A fire elemental (D)
  A warg (D)
  4 vampire mosquitoes (D)
  2 chaos spawn (D)
  A deep elf fighter (D)
  2 hippogriffs (D)
  12 humans (D)
  2 steam dragons (D)
  3 hell hounds (D)
  A soldier ant (D)
  An ice beast (D)
  2 sky beasts (D)
  An orc warrior (D)
  A wasp (D)
  A phantom (D)
  3 giant frogs (D)
  An earth elemental (D)
  A gnoll sergeant (D)
  6 killer bees (D)
  3 small abominations (D)
  2 orc priests (D)
  An iron imp (D)
  2 orc wizards (D)
  Jessica (D)
  A hell rat (D)
  7 sheep (D)
  5 gnolls (D)
  A giant eyeball (D)
  2 oozes (D)
  An adder skeleton (D)
  5 orcs (D)
  A bat (D)
  A bat skeleton (D)
  A giant cockroach (D)
  A hobgoblin (D)
  7 jackals (D)
  2 quokkas (D)
  2 ball pythons (D)
  A ball python zombie (D)
  2 giant geckos (D)
  A giant gecko zombie (D)
  2 giant newts (D)
  A jackal simulacrum (D)
  2 rats (D)
  A crawling corpse (D)
329 creatures vanquished.

Vanquished Creatures (others)
  A curse toe (D)
  A Hell Sentinel (D)
  A tentacled monstrosity (D)
  A deep elf blademaster (D)
  A deep elf master archer (D)
  An Executioner (D)
  A death cob (D)
  2 azure jellies (D)
  A greater naga (D)
  2 angels (D)
  A spriggan defender (D)
  A ghost moth (D)
  A war gargoyle (D)
  A deep elf demonologist (D)
  A vampire knight (D)
  A dire elephant (D)
  A purple draconian (D)
  A yellow draconian (D)
  A small abomination (D)
  2 green deaths (D)
  A deep elf death mage (D)
  A vault guard (D)
  2 death oozes (D)
  A fire dragon (D)
  A deep elf high priest (D)
  A naga warrior (D)
  2 wizards (D)
  3 hell knights (D)
  An orc knight (D)
  A guardian serpent (D)
  A yaktaur (D)
  A hell hound (D)
39 creatures vanquished.

Grand Total: 368 creatures vanquished

Notes
Turn   | Place    | Note
--------------------------------------------------------------
     0 | D        | Kidiri the Minotaur Fighter began the quest for the Orb.
     0 | D        | Reached XP level 1. HP: 19/19 MP: 0/0
    55 | D        | Found a sacrificial altar of Ru.
    55 | D        | Found a basalt altar of Yredelemnul.
    55 | D        | Found a shadowy altar of Dithmenos.
    55 | D        | Found a deep blue altar of Sif Muna.
    55 | D        | Found a burning altar of Makhleb.
    55 | D        | Found a shimmering altar of Xom.
    55 | D        | Found an ancient bone altar of Kikubaaqudgha.
    55 | D        | Found a sparkling altar of Nemelex Xobeh.
    56 | D        | Found a glowing golden altar of the Shining One.
    56 | D        | Found a bloodstained altar of Trog.
    56 | D        | Found a shattered altar of Ashenzari.
    56 | D        | Found a white marble altar of Elyvilon.
    56 | D        | Found a snail-covered altar of Cheibriados.
    56 | D        | Found a blossoming altar of Fedhas.
    56 | D        | Found a radiant altar of Vehumet.
    56 | D        | Found a glowing silver altar of Zin.
    56 | D        | Found a corrupted altar of Lugonu.
    56 | D        | Found a viscous altar of Jiyva.
    56 | D        | Found a roughly hewn altar of Beogh.
    56 | D        | Found an iron altar of Okawaru.
    62 | D        | Found a stormy altar of Qazlal.
    63 | D        | Found an opulent altar of Gozag.
    65 | D        | Became a worshipper of Warmaster Okawaru
    92 | D        | Reached skill level 4 in Armour
    95 | D        | Reached skill level 1 in Dodging
   263 | D        | Reached skill level 1 in Invocations
   263 | D        | Reached XP level 2. HP: 27/27 MP: 1/1
   273 | D        | Noticed a giant frog
   282 | D        | Killed a giant frog
   282 | D        | Reached skill level 5 in Axes
   282 | D        | Reached skill level 6 in Armour
   282 | D        | Reached XP level 3. HP: 13/34 MP: 1/3
   282 | D        | Reached XP level 4. HP: 15/41 MP: 1/4
   515 | D        | Noticed an orc wizard
   515 | D        | Noticed an iron imp
   516 | D        | Noticed a gnoll sergeant
   535 | D        | Killed an iron imp
   535 | D        | Reached skill level 5 in Fighting
   542 | D        | Killed an orc wizard
   542 | D        | Reached skill level 7 in Armour
   542 | D        | Reached XP level 5. HP: 34/48 MP: 6/6
   605 | D        | Killed a gnoll sergeant
   614 | D        | Acquired Okawaru's first power
   714 | D        | Noticed an orc wizard
   730 | D        | Killed an orc wizard
   730 | D        | Reached skill level 8 in Armour
   730 | D        | Reached XP level 6. HP: 57/57 MP: 7/7
   766 | D        | Noticed a deep elf fighter
   778 | D        | Killed a deep elf fighter
   778 | D        | Reached skill level 9 in Armour
   881 | D        | Noticed a sky beast
   881 | D        | Noticed an ice beast
   881 | D        | Noticed a phantom
   886 | D        | Killed an ice beast
   886 | D        | Reached skill level 5 in Dodging
   888 | D        | Killed a phantom
   888 | D        | Reached XP level 7. HP: 59/66 MP: 9/9
   903 | D        | Killed a sky beast
   903 | D        | Reached skill level 5 in Invocations
   910 | D        | Gained mutation: You are clumsy. (Dex -2) [mutagenic meat]
   911 | D        | Gained mutation: You occasionally shout uncontrollably at your foes. [mutagenic meat]
   912 | D        | Gained mutation: You are frail (-10% HP). [mutagenic meat]
   913 | D        | Gained mutation: Your spells are a little easier to cast, but a little less powerful. [mutagenic meat]
   914 | D        | Gained mutation: You can spit weak poison. [mutagenic meat]
   915 | D        | Lost mutation: You are clumsy. (Dex -2) [mutagenic meat]
   923 | D        | Noticed a hell rat
   923 | D        | Noticed a small abomination
   926 | D        | Killed a small abomination
   926 | D        | Reached skill level 10 in Armour
   929 | D        | Killed a hell rat
  1084 | D        | Noticed a tarantella
  1091 | D        | Killed a tarantella
  1091 | D        | Reached skill level 10 in Axes
  1091 | D        | Reached skill level 10 in Shields
  1103 | D        | Noticed Erolcha
  1104 | D        | Noticed a phantasmal warrior
  1109 | D        | Killed Erolcha
  1109 | D        | Reached skill level 11 in Axes
  1109 | D        | Reached XP level 8. HP: 64/67 MP: 9/11
  1115 | D        | Killed a phantasmal warrior
  1115 | D        | Reached skill level 12 in Armour
  1115 | D        | Reached XP level 9. HP: 52/73 MP: 10/13
  1210 | D        | Noticed an elephant
  1210 | D        | Noticed a flayed ghost
  1218 | D        | Killed a flayed ghost
  1222 | D        | Killed an elephant
  1243 | D        | Noticed a spriggan
  1252 | D        | Killed a spriggan
  1299 | D        | Noticed a wyvern
  1304 | D        | Killed a wyvern
  1304 | D        | Reached skill level 13 in Armour
  1310 | D        | Noticed a two-headed ogre
  1313 | D        | Killed a two-headed ogre
  1313 | D        | Acquired Okawaru's second power
  1327 | D        | Noticed a soldier ant
  1336 | D        | Killed a soldier ant
  1337 | D        | Noticed a fire drake
  1340 | D        | Noticed an earth elemental
  1340 | D        | Noticed a demonic crawler
  1346 | D        | Killed a fire drake
  1346 | D        | Reached skill level 10 in Fighting
  1349 | D        | Killed a demonic crawler
  1349 | D        | Reached XP level 10. HP: 49/83 MP: 14/14
  1351 | D        | Killed an earth elemental
  1354 | D        | Noticed a deep elf knight
  1357 | D        | Noticed a two-headed ogre
  1357 | D        | Noticed a sea snake
  1364 | D        | Killed a deep elf knight
  1364 | D        | Received a gift from Okawaru
  1369 | D        | Killed a two-headed ogre
  1370 | D        | Killed a sea snake
  1370 | D        | Reached skill level 14 in Armour
  1384 | D        | Identified a +2 pair of boots of running (Okawaru gifted it to you in the Dungeon)
  1558 | D        | Noticed a swamp dragon
  1560 | D        | Noticed a spiny frog
  1563 | D        | Noticed Eustachio
  1567 | D        | Killed a swamp dragon
  1569 | D        | Killed a spiny frog
  1573 | D        | Killed Eustachio
  1650 | D        | Noticed a giant frog
  1650 | D        | Noticed a giant frog
  1651 | D        | Noticed a troll
  1653 | D        | Noticed a killer bee
  1653 | D        | Noticed a killer bee
  1654 | D        | Noticed a killer bee
  1655 | D        | Noticed a lindwurm
  1655 | D        | Noticed a swamp dragon
  1656 | D        | Killed a giant frog
  1656 | D        | Killed a giant frog
  1658 | D        | Noticed a ynoxinul
  1658 | D        | Noticed a killer bee
  1658 | D        | Noticed Jessica
  1659 | D        | Noticed a killer bee
  1659 | D        | Killed a killer bee
  1661 | D        | Noticed a warg
  1661 | D        | Noticed a killer bee
  1662 | D        | Noticed a sky beast
  1662 | D        | Killed a troll
  1662 | D        | Killed a killer bee
  1663 | D        | Killed a killer bee
  1664 | D        | Noticed a phantasmal warrior
  1664 | D        | Noticed a sixfirhy
  1668 | D        | Killed a killer bee
  1669 | D        | Killed a swamp dragon
  1669 | D        | Killed a killer bee
  1671 | D        | Killed Jessica
  1673 | D        | Killed a phantasmal warrior
  1673 | D        | Reached skill level 15 in Armour
  1677 | D        | Killed a warg
  1677 | D        | Reached XP level 11. HP: 37/91 MP: 10/16
  1678 | D        | Killed a lindwurm
  1678 | D        | Reached skill level 15 in Axes
  1678 | D        | Reached skill level 15 in Shields
  1680 | D        | Killed a sky beast
  1680 | D        | Killed a shadow wraith
  1684 | D        | Killed a ynoxinul
  1685 | D        | Killed a killer bee
  1687 | D        | Killed a sixfirhy
  1687 | D        | Reached skill level 10 in Dodging
  1717 | D        | Lost mutation: You can spit weak poison. [mutagenic meat]
  1718 | D        | Gained mutation: Your flesh is cold resistant. [mutagenic meat]
  1719 | D        | Lost mutation: Your spells are a little easier to cast, but a little less powerful. [mutagenic meat]
  1720 | D        | Gained mutation: Scrolls take you a little longer to read. [mutagenic meat]
  1721 | D        | Gained mutation: Your body sometimes deteriorates upon taking damage. [mutagenic meat]
  1722 | D        | Gained mutation: You sometimes yell uncontrollably at your foes. [mutagenic meat]
  2014 | D        | Noticed a demonic crawler
  2015 | D        | Noticed a komodo dragon
  2022 | D        | Killed a demonic crawler
  2026 | D        | Killed a komodo dragon
  2042 | D        | Noticed an orc sorcerer
  2043 | D        | Noticed Maurice
  2043 | D        | Noticed an orc knight
  2043 | D        | Noticed a troll
  2043 | D        | Noticed an orc priest
  2043 | D        | Noticed a freezing wraith
  2044 | D        | Noticed an orc warrior
  2048 | D        | Killed a troll
  2050 | D        | Killed an orc priest
  2051 | D        | Killed an orc sorcerer
  2051 | D        | Received a gift from Okawaru
  2060 | D        | Killed an orc knight
  2061 | D        | Killed an orc warrior
  2061 | D        | Reached skill level 16 in Armour
  2061 | D        | Killed a freezing wraith
  2071 | D        | Killed Maurice
  2071 | D        | Received a gift from Okawaru
  2071 | D        | Reached skill level 10 in Invocations
  2293 | D        | Noticed a phantasmal warrior
  2296 | D        | Noticed a deep elf summoner
  2304 | D        | Killed a deep elf summoner
  2317 | D        | Killed a phantasmal warrior
  2517 | D        | Noticed a basilisk
  2518 | D        | Noticed a cyclops
  2532 | D        | Killed a cyclops
  2533 | D        | Killed a basilisk
  2595 | D        | Noticed a red devil
  2596 | D        | Noticed a troll
  2596 | D        | Noticed a steam dragon
  2601 | D        | Killed a troll
  2605 | D        | Killed a steam dragon
  2609 | D        | Killed a red devil
  2742 | D        | Noticed a cyclops
  2742 | D        | Noticed a guardian mummy
  2743 | D        | Noticed a small abomination
  2743 | D        | Noticed a phantasmal warrior
  2746 | D        | Noticed a skeletal warrior
  2748 | D        | Killed a small abomination
  2749 | D        | Noticed Sonja
  2752 | D        | Noticed a skeletal warrior
  2755 | D        | Killed Sonja
  2757 | D        | Killed a phantasmal warrior
  2761 | D        | Killed a guardian mummy
  2773 | D        | Killed a skeletal warrior
  2773 | D        | Reached XP level 12. HP: 82/101 MP: 12/18
  2774 | D        | Noticed a spriggan defender
  2784 | D        | Killed a cyclops
  2784 | D        | Reached skill level 17 in Armour
  2785 | D        | Noticed a skeletal warrior
  2788 | D        | Noticed a mummy priest
  2794 | D        | Killed a spriggan defender
  2799 | D        | Killed a skeletal warrior
  2803 | D        | Noticed a skeletal warrior
  2810 | D        | Killed a skeletal warrior
  2813 | D        | Noticed a lindwurm
  2814 | D        | Noticed a vampire knight
  2818 | D        | Killed a lindwurm
  2822 | D        | Killed a mummy priest
  2824 | D        | Noticed a shadow
  2827 | D        | Killed a shadow
  2828 | D        | Noticed a hippogriff
  2831 | D        | Killed a hippogriff
  2839 | D        | Killed a vampire knight
  2839 | D        | Received a gift from Okawaru
  2842 | D        | Killed a skeletal warrior
  2849 | D        | Got the cursed ring "Wepo" {+Inv rC+ Str-4}
  2853 | D        | Noticed a hippogriff
  2856 | D        | Killed a hippogriff
  2856 | D        | Reached skill level 18 in Armour
  2858 | D        | Noticed a skeletal warrior
  2867 | D        | Noticed an alligator snapping turtle
  2871 | D        | Killed a skeletal warrior
  2872 | D        | Noticed a catoblepas
  2882 | D        | Killed a catoblepas
  2890 | D        | Noticed an air elemental
  2896 | D        | Killed a shadow wraith
  2901 | D        | Killed an alligator snapping turtle
  2902 | D        | Killed an air elemental
  2903 | D        | Noticed a steam dragon
  2903 | D        | Killed a steam dragon
  3182 | D        | Noticed a wandering mushroom
  3182 | D        | Noticed a spriggan berserker
  3182 | D        | Noticed an ice dragon
  3182 | D        | Noticed an apis
  3182 | D        | Noticed an orc knight
  3182 | D        | Noticed an orc priest
  3187 | D        | Killed a wandering mushroom
  3200 | D        | Killed an ice dragon
  3200 | D        | Reached skill level 1 in Evocations
  3201 | D        | Killed a spriggan berserker
  3209 | D        | Killed an apis
  3209 | D        | Reached XP level 13. HP: 31/111 MP: 1/20
  3216 | D        | Killed an orc priest
  3217 | D        | Killed an orc knight
  3574 | D        | Noticed an orc knight
  3574 | D        | Noticed an orc knight
  3574 | D        | Noticed an orc knight
  3574 | D        | Noticed an orc knight
  3574 | D        | Noticed an orc knight
  3575 | D        | Noticed a water elemental
  3575 | D        | Noticed an orc knight
  3575 | D        | Noticed an orc knight
  3575 | D        | Noticed an orc warlord
  3575 | D        | Noticed an orc warlord
  3580 | D        | Noticed an orc knight
  3583 | D        | Killed a water elemental
  3588 | D        | Banished an orc knight
  3588 | D        | Killed an orc knight
  3589 | D        | Killed an orc knight
  3589 | D        | Received a gift from Okawaru
  3595 | D        | Killed an orc knight
  3595 | D        | Killed an orc knight
  3595 | D        | Reached skill level 19 in Armour
  3609 | D        | Killed an orc knight
  3623 | D        | Got a pair of faintly glowing boots {god gift}
  3634 | D        | Identified the +4 pair of boots of Mevaw {rF+ MP+9 SInv} (Okawaru gifted it to you in the Dungeon)
  3689 | D        | Noticed a deep elf knight
  3691 | D        | Noticed a vault guard
  3692 | D        | Noticed an orc knight
  3692 | D        | Noticed a naga warrior
  3693 | D        | Noticed a sixfirhy
  3693 | D        | Noticed a vault guard
  3694 | D        | Noticed a tentacled monstrosity
  3695 | D        | Killed a deep elf knight
  3699 | D        | Killed a sixfirhy
  3704 | D        | Killed a naga warrior
  3714 | D        | Killed a vault guard
  3717 | D        | Killed an orc knight
  3726 | D        | Killed a tentacled monstrosity
  3794 | D        | Noticed a deep elf knight
  3796 | D        | Noticed a naga warrior
  3797 | D        | Noticed an orc knight
  3798 | D        | Noticed a war gargoyle
  3804 | D        | Killed a deep elf knight
  3805 | D        | Noticed a vault guard
  3806 | D        | Noticed a death cob
  3810 | D        | Noticed a deep elf knight
  3811 | D        | Banished a naga warrior
  3818 | D        | Killed a vault guard
  3819 | D        | Banished a death cob
  3819 | D        | Reached skill level 15 in Fighting
  3819 | D        | Reached skill level 5 in Evocations
  3826 | D        | Killed a deep elf knight
  3826 | D        | Reached skill level 20 in Armour
  3952 | D        | Killed a vault guard
  4026 | D        | Noticed a spriggan defender
  4040 | D        | Killed a spriggan defender
  4044 | D        | Noticed an orb of fire
  4046 | D        | Gained mutation: Your body often deteriorates upon taking damage. [an orb of fire]
  4060 | D        | Noticed a reaper
  4066 | D        | Killed a reaper
  4273 | D        | Gained mutation: You heal slowly when monsters are visible. [an orb of fire]
  4463 | D        | Noticed a Shadow Fiend
  4643 | D        | Noticed a blizzard demon
  4650 | D        | Noticed an ice dragon
  4650 | D        | Noticed a dire elephant
  4650 | D        | Noticed Poekhlu the pandemonium lord
  4650 | D        | Noticed an angel
  4650 | D        | Noticed a hell hound
  4650 | D        | Noticed a hell hound
  4650 | D        | Noticed a hell hound
  4650 | D        | Noticed a hell hound
  4658 | D        | Banished Poekhlu the pandemonium lord
  4658 | D        | Reached XP level 14. HP: 121/121 MP: 21/21
  4659 | D        | Killed a hell hound
  4660 | D        | Killed a hell hound
  4671 | D        | Killed a hell hound
  4676 | D        | Banished a dire elephant
  4726 | D        | Banished a war gargoyle
  4822 | D        | Banished an angel
  4888 | D        | Noticed a vampire
  4889 | D        | Noticed an ice devil
  4889 | D        | Noticed a vampire knight
  4889 | D        | Noticed a hill giant
  4890 | D        | Noticed a vampire mosquito
  4890 | D        | Noticed a guardian serpent
  4890 | D        | Noticed a rakshasa
  4891 | D        | Noticed a fire elemental
  4891 | D        | Noticed a small abomination
  4895 | D        | Banished a guardian serpent
  4896 | D        | Noticed a vampire mosquito
  4899 | D        | Killed a small abomination
  4899 | D        | Killed a rakshasa
  4901 | D        | Noticed a vampire mosquito
  4903 | D        | Killed a fire elemental
  4906 | D        | Killed a vampire mosquito
  4908 | D        | Noticed a vampire mosquito
  4910 | D        | Killed a vampire mosquito
  4910 | D        | Reached skill level 21 in Shields
  4916 | D        | Paralysed by a vampire knight for 5 turns
  4923 | D        | Banished a vampire knight
  5096 | D        | Noticed an eidolon
  5097 | D        | Noticed a wizard
  5097 | D        | Noticed a guardian serpent
  5098 | D        | Noticed a fire dragon
  5098 | D        | Noticed a balrug
  5099 | D        | Noticed a tentacled monstrosity
  5103 | D        | Noticed an angel
  5103 | D        | Killed a guardian serpent
  5105 | D        | Noticed a yaktaur
  5108 | D        | Noticed a yaktaur
  5112 | D        | Killed an eidolon
  5116 | D        | Noticed a rust devil
  5117 | D        | Killed a fire dragon
  5117 | D        | Banished an angel
  5120 | D        | Noticed an elephant
  5120 | D        | Killed a wizard
  5123 | D        | Noticed a yaktaur
  5127 | D        | Noticed an elephant
  5128 | D        | Killed a yaktaur
  5130 | D        | Killed a rust devil
  5131 | D        | Noticed a fire crab
  5131 | D        | Killed a yaktaur
  5134 | D        | Noticed an elephant
  5134 | D        | Noticed an elephant
  5135 | D        | Noticed a yaktaur
  5135 | D        | Noticed a vampire
  5135 | D        | Noticed a wind drake
  5135 | D        | Noticed a spriggan berserker
  5136 | D        | Killed a fire crab
  5138 | D        | Noticed an air elemental
  5138 | D        | Killed an elephant
  5140 | D        | Noticed a deep elf death mage
  5140 | D        | Noticed a ynoxinul
  5141 | D        | Noticed a dire elephant
  5141 | D        | Noticed a fire crab
  5141 | D        | Noticed a chaos spawn
  5144 | D        | Killed an air elemental
  5149 | D        | Killed a yaktaur
  5151 | D        | Killed a spriggan berserker
  5153 | D        | Noticed a wandering mushroom
  5153 | D        | Noticed a cherub
  5156 | D        | Banished a tentacled monstrosity
  5157 | D        | Noticed a fire giant
  5157 | D        | Killed a deep elf death mage
  5157 | D        | Reached skill level 15 in Dodging
  5162 | D        | Killed a wind drake
  5164 | D        | Noticed a stone giant
  5165 | D        | Killed a ynoxinul
  5169 | D        | Killed a fire crab
  5172 | D        | Killed a chaos spawn
  5172 | D        | Received a gift from Okawaru
  5180 | D        | Killed a fire giant
  5180 | D        | Reached skill level 22 in Shields
  5198 | D        | Killed a cherub
  5200 | D        | Banished a yaktaur
  5204 | D        | Killed a wandering mushroom
  5209 | D        | Noticed a frost giant
  5214 | D        | Killed a blizzard demon
  5215 | D        | Noticed a deep elf blademaster
  5215 | D        | Noticed a chaos spawn
  5215 | D        | Noticed a white draconian
  5215 | D        | Noticed a profane servitor
  5216 | D        | Noticed a wizard
  5216 | D        | Noticed a vault guard
  5216 | D        | Noticed a wolf spider
  5218 | D        | Noticed a cacodemon
  5220 | D        | Killed a frost giant
  5221 | D        | Noticed a frost giant
  5224 | D        | Noticed a death knight
  5237 | D        | Killed a cacodemon
  5238 | D        | Killed a death knight
  5238 | D        | Banished a wizard
  5240 | D        | Killed a chaos spawn
  5248 | D        | Killed a vault guard
  5532 | D        | Killed a hill giant
  5674 | D        | Noticed a wizard
  5674 | D        | Noticed a necromancer
  5674 | D        | Noticed a hell knight
  5674 | D        | Noticed a necromancer
  5674 | D        | Noticed a vault guard
  5674 | D        | Noticed a wizard
  5674 | D        | Noticed a vault guard
  5674 | D        | Noticed Louise
  5674 | D        | Noticed a necromancer
  5674 | D        | Noticed a hell knight
  5674 | D        | Noticed a wizard
  5674 | D        | Noticed a human
  5674 | D        | Noticed a hell knight
  5674 | D        | Noticed a vault guard
  5674 | D        | Noticed a human
  5674 | D        | Noticed a necromancer
  5674 | D        | Noticed a hell knight
  5674 | D        | Noticed a necromancer
  5674 | D        | Noticed a hell knight
  5674 | D        | Noticed a necromancer
  5674 | D        | Noticed a necromancer
  5674 | D        | Noticed a hell knight
  5674 | D        | Noticed a wizard
  5674 | D        | Noticed a hell knight
  5674 | D        | Noticed a hell knight
  5674 | D        | Noticed a human
  5674 | D        | Noticed a hell knight
  5674 | D        | Noticed a necromancer
  5674 | D        | Noticed a necromancer
  5674 | D        | Noticed a vault guard
  5674 | D        | Noticed a necromancer
  5674 | D        | Noticed a necromancer
  5674 | D        | Noticed a necromancer
  5674 | D        | Noticed a human
  5675 | D        | Noticed a human
  5675 | D        | Noticed a human
  5675 | D        | Noticed a human
  5675 | D        | Noticed a vault guard
  5675 | D        | Noticed a wizard
  5675 | D        | Noticed a human
  5675 | D        | Noticed a vault guard
  5675 | D        | Noticed a hell knight
  5675 | D        | Noticed a vault guard
  5675 | D        | Noticed a human
  5675 | D        | Noticed a necromancer
  5675 | D        | Noticed a vault guard
  5675 | D        | Noticed a hell knight
  5675 | D        | Noticed a human
  5675 | D        | Noticed a vault guard
  5675 | D        | Noticed a hell knight
  5675 | D        | Noticed a necromancer
  5675 | D        | Noticed a human
  5675 | D        | Noticed a vault guard
  5675 | D        | Noticed a necromancer
  5675 | D        | Noticed a hell knight
  5675 | D        | Noticed a human
  5679 | D        | Killed a wizard
  5679 | D        | Killed a necromancer
  5679 | D        | Killed a necromancer
  5682 | D        | Killed a human
  5683 | D        | Killed a vault guard
  5687 | D        | Killed a necromancer
  5687 | D        | Killed a hell knight
  5690 | D        | Killed a wizard
  5690 | D        | Banished a hell knight
  5690 | D        | Killed a necromancer
  5694 | D        | Killed a vault guard
  5694 | D        | Received a gift from Okawaru
  5694 | D        | Banished a vault guard
  5694 | D        | Reached XP level 15. HP: 116/132 MP: 22/22
  5695 | D        | Killed a hell knight
  5697 | D        | Killed a hell knight
  5697 | D        | Reached skill level 23 in Shields
  5698 | D        | Banished a hell knight
  5700 | D        | Killed a hell knight
  5702 | D        | Killed a necromancer
  5702 | D        | Killed a necromancer
  5703 | D        | Killed a human
  5704 | D        | Killed a vault guard
  5704 | D        | Killed a hell knight
  5707 | D        | Killed a human
  5708 | D        | Killed a vault guard
  5708 | D        | Killed a human
  5709 | D        | Killed a hell knight
  5711 | D        | Killed a human
  5712 | D        | Killed a hell knight
  5714 | D        | Killed a hell knight
  5717 | D        | Killed a wizard
  5719 | D        | Killed a necromancer
  5719 | D        | Killed a wizard
  5720 | D        | Killed a vault guard
  5720 | D        | Reached skill level 10 in Evocations
  5722 | D        | Killed a human
  5725 | D        | Killed a necromancer
  5726 | D        | Killed a hell knight
  5726 | D        | Received a gift from Okawaru
  5726 | D        | Killed a human
  5728 | D        | Killed a human
  5728 | D        | Killed a human
  5730 | D        | Killed a necromancer
  5731 | D        | Killed a human
  5732 | D        | Killed a necromancer
  5737 | D        | Killed a wizard
  5738 | D        | Killed a necromancer
  5742 | D        | Killed a necromancer
  5743 | D        | Killed a necromancer
  5747 | D        | Killed a necromancer
  5751 | D        | Got a silver rune of Zot
  5754 | D        | Got the ring of Ymekk {rElec rC+ Str-4 Int+3}
  5800 | D        | Got the cursed +0 large shield of Yjyad {Str+6 Dex+3}
  5845 | D        | Gained mutation: You expend magic power (3 MP) to strengthen your wands. [potion of mutation]
  5845 | D        | Gained mutation: Armour fits poorly on your strangely shaped body. [potion of mutation]
  5845 | D        | Gained mutation: You are weak. (Str -2) [potion of mutation]
  5890 | D        | Killed a human
  5919 | D        | Banished a deep elf blademaster
  5929 | D        | Banished Louise
  5932 | D        | Killed a vault guard
  5952 | D        | Killed a human
  5952 | D        | Reached skill level 24 in Shields
  6000 | D        | Killed an orc warlord
  6140 | D        | Noticed a sphinx
  6140 | D        | Noticed a deep elf demonologist
  6140 | D        | Noticed a deep elf demonologist
  6140 | D        | Noticed a deep elf death mage
  6140 | D        | Noticed a vampire mage
  6141 | D        | Noticed an Executioner
  6141 | D        | Noticed a profane servitor
  6142 | D        | Noticed a Shadow Fiend
  6144 | D        | Noticed a wizard
  6146 | D        | Noticed a deep elf high priest
  6149 | D        | Noticed a lich
  6150 | D        | Noticed a deep elf demonologist
  6153 | D        | Killed an Executioner
  6154 | D        | Killed a deep elf death mage
  6154 | D        | Killed a balrug
  6155 | D        | Banished a ghostly deep elf death mage
  6156 | D        | Banished a Shadow Fiend
  6159 | D        | Noticed a deep elf blademaster
  6160 | D        | Killed a sphinx
  6165 | D        | Noticed a purple draconian
  6168 | D        | Noticed a Brimstone Fiend
  6173 | D        | Noticed a greater naga
  6173 | D        | Killed a vampire mage
  6173 | D        | Killed a vampire mosquito
  6174 | D        | Killed a wizard
  6174 | D        | Killed a deep elf demonologist
  6174 | D        | Killed a purple draconian
  6174 | D        | Killed a deep elf high priest
  6177 | D        | Noticed a greater naga
  6178 | D        | Killed a deep elf blademaster
  6181 | D        | Killed a vault guard
  6186 | D        | Killed a greater naga
  6190 | D        | Noticed a deep elf sorcerer
  6190 | D        | Killed a greater naga
  6190 | D        | Received a gift from Okawaru
  6192 | D        | Noticed an ancient lich
  6192 | D        | Noticed a greater naga
  6193 | D        | Noticed a storm dragon
  6193 | D        | Noticed a yellow draconian
  6194 | D        | Noticed a deep elf annihilator
  6195 | D        | Killed a deep elf sorcerer
  6197 | D        | Noticed a deep elf high priest
  6207 | D        | Banished a greater naga
  6210 | D        | Killed a deep elf annihilator
  6214 | D        | Killed a storm dragon
  6229 | D        | Killed a deep elf high priest
  6237 | D        | Noticed Frances
  6251 | D        | Killed Frances
  6288 | D        | Killed an elephant
  6291 | D        | Got the ring of Ussaz {rElec rPois}
  6293 | D        | Got the amulet of Liaschi Borro {Ward +Fly rN+ MR- Str+4 Dex+3}
  6296 | D        | Got the ring of Giotot {rPois rC+}
  6298 | D        | Got the ring "Foses" {Dex+7 Slay+5}
  6300 | D        | Got the amulet "Balasub" {Stasis rPois Str+2 Dex+4}
  6302 | D        | Got the amulet of Sloth {Gourm Dex+4}
  6305 | D        | Got the ring of Qihysh {Fire Str-2 Dex+4}
  6307 | D        | Got the amulet "Jygg" {rCorr rN+ Int+3}
  6309 | D        | Got the amulet of Uzecliec {rMut Str+2 Int+2 SInv}
  6311 | D        | Got the amulet "Heytu" {Stasis rC+ Int+3 Dex+2}
  6329 | D        | Got the ring of Beysiys {Str+2 Stlth+}
  6331 | D        | Got the amulet "Voamut" {Stasis *Contam rPois MP+9 Int-4}
  6333 | D        | Got the ring of Fiod {rC+ rN+++ Slay+5}
  6335 | D        | Got the amulet "Jaotutin" {Faith Str+5 Int+2 Slay+2}
  6400 | D        | Killed a necromancer
  6402 | D        | Got the ring "Cimairute" {*Confuse rElec rPois Str-5 Dex+6}
  6404 | D        | Got the ring "Dyegutz" {rPois Str+6 Slay+2}
  6408 | D        | Got the ring "Gietz" {-Tele MR++ Dex+6}
  6412 | D        | Got the ring of Kitrycui {+Inv rF+ rC+}
  6414 | D        | Got the ring "Dilomp" {Wiz Dex+5}
  6416 | D        | Got the ring "Cihiteaj" {Fire +Blink rElec Dex-4}
  6418 | D        | Got the ring "Ziataip" {rC+ Dex+4}
  6420 | D        | Got the ring of Wameggus {+Inv rElec Str+3 SInv}
  6425 | D        | Got the ring "Gouck" {MP+9 Str+6 Stlth+}
  6427 | D        | Got the ring of Joutu {MR+ Str+6 Int+5 SInv}
  6431 | D        | Got the ring of Ragadghil {*Drain rPois rF+ Dex+9}
  6470 | D        | Lost mutation: You are weak. (Str -2) [potion of cure mutation]
  6470 | D        | Lost mutation: You expend magic power (3 MP) to strengthen your wands. [potion of cure mutation]
  6470 | D        | Lost mutation: Your body often deteriorates upon taking damage. [potion of cure mutation]
  6470 | D        | Lost mutation: You sometimes yell uncontrollably at your foes. [potion of cure mutation]
  6470 | D        | Lost mutation: Armour fits poorly on your strangely shaped body. [potion of cure mutation]
  6470 | D        | Lost mutation: Your body sometimes deteriorates upon taking damage. [potion of cure mutation]
  6538 | D        | Noticed Boris
  6546 | D        | Killed Boris
  6546 | D        | Reached skill level 25 in Armour
  6569 | D        | Lost mutation: You occasionally shout uncontrollably at your foes. [potion of cure mutation]
  6569 | D        | Lost mutation: You heal slowly when monsters are visible. [potion of cure mutation]
  6569 | D        | Lost mutation: You are frail (-10% HP). [potion of cure mutation]
  6569 | D        | Lost mutation: Scrolls take you a little longer to read. [potion of cure mutation]
  6569 | D        | Lost mutation: Your flesh is cold resistant. [potion of cure mutation]
  6596 | D        | Killed an elephant
  6637 | D        | Noticed Oheydwig the pandemonium lord
  6643 | D        | Noticed a quicksilver dragon
  6647 | D        | Noticed an electric golem
  6658 | D        | Killed an electric golem
  6658 | D        | Reached XP level 16. HP: 85/160 MP: 23/23
  6662 | D        | Noticed a reaper
  6666 | D        | Noticed Mnoleg
  6675 | D        | Killed a reaper
  6692 | D        | Killed a quicksilver dragon
  6739 | D        | Paralysed by a giant eyeball for 2 turns
  6744 | D        | Noticed a tentacled monstrosity
  6750 | D        | Killed a tentacled monstrosity
  6754 | D        | Paralysed by a giant eyeball for 3 turns
  6777 | D        | Noticed a tentacled monstrosity
  7035 | D        | Noticed a tentacled monstrosity
  7043 | D        | Noticed a tentacled monstrosity
  7109 | D        | Noticed an iron elemental
  7113 | D        | Killed an iron elemental
  7242 | D        | Noticed a green death
  7242 | D        | Noticed a soul eater
  7242 | D        | Noticed a green death
  7242 | D        | Noticed a deep elf blademaster
  7242 | D        | Noticed a vampire
  7243 | D        | Noticed a deep elf death mage
  7243 | D        | Noticed an Executioner
  7243 | D        | Noticed a deep elf demonologist
  7243 | D        | Noticed a curse toe
  7244 | D        | Noticed a shadow dragon
  7244 | D        | Noticed an orb of fire
  7244 | D        | Noticed Norris
  7244 | D        | Noticed an Executioner
  7245 | D        | Noticed a green death
  7245 | D        | Noticed a deep elf death mage
  7246 | D        | Noticed a cherub
  7246 | D        | Noticed an Ice Fiend
  7249 | D        | Killed an Executioner
  7251 | D        | Noticed a dire elephant
  7252 | D        | Killed a deep elf demonologist
  7253 | D        | Noticed a spriggan air mage
  7253 | D        | Killed a vampire
  7255 | D        | Killed an Executioner
  7256 | D        | Noticed a deep elf sorcerer
  7259 | D        | Noticed a tormentor
  7259 | D        | Killed a deep elf death mage
  7261 | D        | Banished a green death
  7262 | D        | Noticed a quicksilver dragon
  7262 | D        | Killed a shadow dragon
  7263 | D        | Killed a ghostly deep elf death mage
  7265 | D        | Noticed a shadow dragon
  7265 | D        | Killed an orb of fire
  7265 | D        | Reached skill level 26 in Axes
  7265 | D        | Killed a deep elf blademaster
  7266 | D        | Killed a hell hound
  7266 | D        | Killed a soul eater
  7272 | D        | Noticed a white draconian
  7273 | D        | Noticed an ancient lich
  7273 | D        | Killed a deep elf death mage
  7273 | D        | Killed a deep elf sorcerer
  7284 | D        | Killed a shadow dragon
  7285 | D        | Killed a dire elephant
  7286 | D        | Banished a curse toe
  7289 | D        | Killed a spriggan air mage
  7289 | D        | Killed a white draconian
  7289 | D        | Received a gift from Okawaru
  7290 | D        | Killed a cherub
  7290 | D        | Killed a ghostly deep elf death mage
  7292 | D        | Killed a quicksilver dragon
  7292 | D        | Killed a dire elephant
  7294 | D        | Killed Norris
  7309 | D        | Killed an ancient lich
  7316 | D        | Killed an Ice Fiend
  7323 | D        | Got a translucent cloak {god gift}
  7334 | D        | Identified the +0 cloak "Gilemad" {Int+2 SInv} (Okawaru gifted it to you in the Dungeon)
  7353 | D        | Killed a vampire mosquito
  7360 | D        | Got the ring "Toupnagu" {rElec rPois rF+ EV+1}
  7391 | D        | Banished a vault guard
  7406 | D        | Noticed a Brimstone Fiend
  7409 | D        | Killed a deep elf demonologist
  7409 | D        | Reached skill level 27 in Armour
  7409 | D        | Reached skill level 27 in Shields
  7612 | D        | Banished Mnoleg
  7612 | D        | Reached skill level 27 in Axes
  7638 | D        | Noticed an Executioner
  7638 | D        | Noticed a quicksilver dragon
  7638 | D        | Noticed a frost giant
  7638 | D        | Noticed a hell beast
  7639 | D        | Noticed an Executioner
  7639 | D        | Noticed a greater mummy
  7639 | D        | Noticed a frost giant
  7639 | D        | Noticed a purple draconian
  7640 | D        | Noticed a deep elf high priest
  7640 | D        | Noticed a spriggan rider
  7640 | D        | Noticed the Serpent of Hell
  7640 | D        | Noticed a black draconian
  7640 | D        | Noticed an azure jelly
  7640 | D        | Noticed a greater naga
  7642 | D        | Killed an Executioner
  7643 | D        | Noticed a ghost moth
  7644 | D        | Noticed a purple draconian caller
  7645 | D        | Noticed an ophan
  7651 | D        | Noticed an apis
  7652 | D        | Banished a greater mummy
  7653 | D        | Noticed a titan
  7654 | D        | Noticed a spriggan defender
  7654 | D        | Noticed a mummy priest
  7654 | D        | Killed a ghost moth
  7654 | D        | Noticed a white draconian shifter
  7657 | D        | Noticed a quicksilver dragon
  7657 | D        | Killed an azure jelly
  7658 | D        | Killed a spriggan rider
  7658 | D        | Killed a wasp
  7660 | D        | Killed a greater naga
  7660 | D        | Received a gift from Okawaru
  7660 | D        | Reached XP level 17. HP: 12/176 MP: 1/27
  7660 | D        | HP: 1/176 [quicksilver dragon[the Serpent of Hell] (12)]
  7668 | D        | Banished a green death
  7668 | D        | Reached skill level 15 in Evocations
  7676 | D        | Killed a purple draconian caller
  7676 | D        | Killed a quicksilver dragon
  7680 | D        | Banished a spriggan defender
  7681 | D        | Banished the Serpent of Hell
  7683 | D        | Killed a hell beast
  7684 | D        | Killed a black draconian
  7698 | D        | Banished a titan
  7702 | D        | Killed an ophan
  7727 | D        | Killed a mummy priest
  8010 | D        | Killed a profane servitor
  8038 | D        | Killed a vampire
  8046 | D        | Killed a white draconian
  8059 | D        | Noticed a deep elf demonologist
  8063 | D        | Killed a deep elf demonologist
  8065 | D        | Got the ring of the Cast Vote {rC+ MR+ Str-5 SInv}
  8130 | D        | Noticed a shadow dragon
  8173 | D        | Got the ring of the Genius {MR+ MP-9 Int+4 Dex+4}
  8175 | D        | Got the ring of the Garden {rPois rF- Str+4 Stlth+}
  8177 | D        | Got the ring of Midwinter {Ice +Fly rPois}
  8187 | D        | Got the ring "Yno Zaun" {Wiz +Fly}
  8189 | D        | Got the amulet of Modesty {Inacc rF+ rN+ MR+ Dex+2}
  8194 | D        | Got the ring "Tesoinet" {Ice Int+4 SInv}
  8249 | D        | Banished a yellow draconian
  8385 | D        | Noticed a sphinx
  8385 | D        | Noticed a reaper
  8385 | D        | Noticed a balrug
  8385 | D        | Noticed a fire dragon
  8386 | D        | Noticed a death ooze
  8387 | D        | Noticed a lich
  8388 | D        | Banished a fire dragon
  8392 | D        | Noticed a green draconian
  8392 | D        | Noticed a yellow draconian
  8393 | D        | Killed a balrug
  8393 | D        | Paralysed by a sphinx for 5 turns
  8405 | D        | Killed a sphinx
  8417 | D        | Killed a lich
  8424 | D        | Killed a green draconian
  8430 | D        | Killed a death ooze
  8448 | D        | Killed a yellow draconian
  8794 | D        | Noticed a hell knight
  8794 | D        | Noticed a hell knight
  8794 | D        | Noticed a deep elf master archer
  8794 | D        | Noticed the 27-headed Lernaean hydra
  8795 | D        | Noticed a pearl dragon
  8795 | D        | Noticed a Hell Sentinel
  8795 | D        | Noticed a death ooze
  8797 | D        | Noticed a hell knight
  8801 | D        | Killed a deep elf master archer
  8802 | D        | Killed a death ooze
  8803 | D        | Noticed Ufupis the pandemonium lord
  8804 | D        | Noticed a deep elf master archer
  8804 | D        | Noticed a golden eye
  8806 | D        | Noticed a hell knight
  8806 | D        | Killed a hell knight
  8807 | D        | Noticed a storm dragon
  8807 | D        | Noticed a Shadow Fiend
  8808 | D        | Noticed a hell knight
  8809 | D        | Noticed an electric golem
  8812 | D        | Banished a Hell Sentinel
  8815 | D        | Killed a hell knight
  8815 | D        | Banished a deep elf master archer
  8821 | D        | Noticed a hell knight
  8821 | D        | Noticed a hellephant
  8827 | D        | Killed a golden eye
  8831 | D        | Killed a Shadow Fiend
  8836 | D        | Killed a hell knight
  8836 | D        | Killed a hell knight
  8847 | D        | Noticed a Hell Sentinel
  8850 | D        | Killed a hell knight
  8862 | D        | Killed an electric golem
  8866 | D        | Killed a hell knight
  8868 | D        | Killed a Hell Sentinel
  8906 | D        | Noticed a Hell Sentinel
  8906 | D        | Noticed a hell knight
  8908 | D        | Noticed a Brimstone Fiend
  8909 | D        | Noticed a fire giant
  8914 | D        | Killed a Hell Sentinel
  8916 | D        | Killed a fire giant
  8917 | D        | Banished a hell knight
  8948 | D        | Noticed Mara
  8961 | D        | Killed Mara
  8961 | D        | Received a gift from Okawaru
  9039 | D        | Noticed Margery
  9042 | D        | Noticed a hell knight
  9046 | D        | Noticed a hell knight
  9054 | D        | Killed a hell knight
  9348 | D        | Noticed Geryon
  9348 | D        | Noticed a moth of wrath
  9348 | D        | Noticed Murray
  9357 | D        | Killed a deep elf high priest
  9359 | D        | Killed a moth of wrath
  9444 | D        | Noticed a green draconian scorcher
  9447 | D        | Noticed a green draconian scorcher
  9450 | D        | Killed a green draconian scorcher
  9457 | D        | Killed a green draconian scorcher
  9460 | D        | Noticed a Shadow Fiend
  9463 | D        | Banished a Shadow Fiend
  9463 | D        | Reached XP level 18. HP: 199/199 MP: 31/31
  9464 | D        | Noticed a Brimstone Fiend
  9465 | D        | Noticed a tormentor
  9470 | D        | Killed a tormentor
  9474 | D        | Banished an ancient lich
  9474 | D        | Reached skill level 27 in Fighting
  9478 | D        | Killed a Brimstone Fiend
  9481 | D        | Noticed a green draconian zealot
  9483 | D        | Banished a green draconian zealot
  9785 | D        | Noticed Meschye the pandemonium lord
  9791 | D        | Noticed a cacodemon
  9802 | D        | Killed Meschye the pandemonium lord
  9805 | D        | Killed a cacodemon
  9815 | D        | Noticed a curse toe
  9818 | D        | Banished a curse toe
  9819 | D        | Noticed a blizzard demon
  9820 | D        | Noticed a deep elf master archer
  9820 | D        | Noticed an ancient lich
  9821 | D        | Noticed an orb of fire
  9827 | D        | Noticed an orb of fire
  9843 | D        | Killed a blizzard demon
  9848 | D        | Killed an orb of fire
  9848 | D        | Reached skill level 27 in Dodging
  9849 | D        | Killed a deep elf master archer
  9871 | D        | Noticed Jaquceg the pandemonium lord
  9875 | D        | Noticed Xtahua
  9883 | D        | Noticed a golden eye
  9889 | D        | Killed a golden eye
  9963 | D        | Noticed an azure jelly
  9969 | D        | Banished an azure jelly
 10027 | D        | Killed an orc warlord
 10028 | D        | Gained mutation: You have large cloven feet. [an orb of fire]
 10047 | D        | Killed a frost giant
 10049 | D        | Got the ring "Zesuces" {rC++ Dex-4 SInv}
 10054 | D        | Got the ring "Zeigay" {Str+5 Dex+2}
 10056 | D        | Got the ring "Gosoh" {rPois MR+ Int-5 SInv}
 10058 | D        | Got the ring of Kimyqag {rN+ Int+4}
 10060 | D        | Got an iron rune of Zot
 10062 | D        | Got the amulet of Jixared {Ward rC+ rN+ Stlth+}
 10064 | D        | Got the ring "Waosk" {MR+ MP+9 Dex+4}
 10067 | D        | Got the ring "Puwk" {Fire MP+9 Dex+4}
 10069 | D        | Got the ring "Qigojiv" {SustAt *Corrode Int+4 SInv}
 10072 | D        | Got the ring of Red Wine {EV+2 Str+4}
 10085 | D        | Got the ring of Omeiduof {rElec rPois rF+ MR-}
 10104 | D        | Gained mutation: You are dopey. (Int -2) [an orb of fire]
 10157 | D        | Noticed an angel
 10157 | D        | Noticed a cherub
 10157 | D        | Noticed an angel
 10157 | D        | Noticed an angel
 10157 | D        | Noticed a daeva
 10157 | D        | Noticed a cherub
 10157 | D        | Noticed a daeva
 10157 | D        | Noticed a daeva
 10157 | D        | Noticed a cherub
 10157 | D        | Noticed a daeva
 10157 | D        | Noticed a daeva
 10157 | D        | Noticed a cherub
 10157 | D        | Noticed an angel
 10157 | D        | Noticed a daeva
 10157 | D        | Noticed a cherub
 10157 | D        | Noticed a cherub
 10157 | D        | Noticed a cherub
 10157 | D        | Noticed an angel
 10157 | D        | Noticed a daeva
 10157 | D        | Noticed a daeva
 10157 | D        | Noticed an angel
 10157 | D        | Noticed a cherub
 10157 | D        | Noticed an angel
 10157 | D        | Noticed a daeva
 10157 | D        | Noticed an angel
 10157 | D        | Noticed an angel
 10157 | D        | Noticed an angel
 10157 | D        | Noticed a cherub
 10158 | D        | Noticed a cherub
 10161 | D        | Noticed an angel
 10163 | D        | Noticed an angel
 10163 | D        | Noticed a cherub
 10163 | D        | Noticed a cherub
 10163 | D        | Noticed a daeva
 10163 | D        | Noticed a pearl dragon
 10163 | D        | Noticed a cherub
 10163 | D        | Noticed a daeva
 10163 | D        | Noticed a daeva
 10163 | D        | Noticed a cherub
 10163 | D        | Noticed a daeva
 10163 | D        | Noticed a daeva
 10163 | D        | Noticed a cherub
 10163 | D        | Noticed an angel
 10163 | D        | Noticed a cherub
 10163 | D        | Noticed a cherub
 10163 | D        | Noticed an angel
 10163 | D        | Noticed a daeva
 10163 | D        | Noticed an angel
 10165 | D        | Noticed an angel
 10165 | D        | Killed from afar by a daeva

Vault maps used:
D:        pitsprint

Action                   |  1- 3 |  4- 6 |  7- 9 | 10-12 | 13-15 | 16-18 || total
-------------------------+-------+-------+-------+-------+-------+-------++-------
Melee: War axe           |    23 |    77 |    78 |   272 |     7 |       ||   457
       Broad axe         |       |       |       |       |   476 |   466 ||   942
Invok: Heroism           |       |       |     4 |     8 |    14 |    10 ||    36
       Finesse           |       |       |       |     3 |    14 |     8 ||    25
 Abil: Evoke Invisibilit |       |       |       |     1 |     6 |     1 ||     8
Evoke: Wand              |       |       |       |       |       |     7 ||     7
  Use: Potion            |       |       |       |     8 |    10 |    22 ||    40
       Scroll            |       |       |       |     2 |     6 |     3 ||    11
 Stab: Invisible         |       |       |       |     7 |    71 |     2 ||    80
       Distracted        |       |       |       |       |       |     1 ||     1
  Eat: Chunk             |       |       |     8 |     9 |     5 |     3 ||    25
       Bread ration      |       |       |       |     1 |     3 |     3 ||     7
